 Dungeon Crawl Stone Soup version 0.29-a0-231-g945431f764 (webtiles) character file.

Game seed: 18124360552580354204

2331 pkoi the Conjurer (level 9, -11/70 HPs)
             Began as a Red Draconian Conjurer on Feb 28, 2022.
             Was an Initiate of Gozag.
             Mangled by Harold
             ... wielding a +0 war axe
              (13 damage)
             ... on level 7 of the Dungeon.
             The game lasted 00:13:11 (10985 turns).

pkoi the Conjurer (Red Draconian Conjurer)         Turns: 10985, Time: 00:13:12

Health: -11/70     AC:  9    Str: 16    XL:     9   Next: 19%
Magic:  11/16      EV: 13    Int: 22    God:    Gozag
Gold:   501        SH:  0    Dex: 10    Spells: 8/18 levels left

rFire   + . .      SeeInvis .   g - +7 demon blade (freeze)
rCold   . . .      Faith    .   (no shield)
rNeg    . . .      Spirit   .   (body armour unavailable)
rPois   .          Reflect  .   (helmet restricted)
rElec   .          Harm     .   (no cloak)
rCorr   .          Rampage  .   (no gloves)
Will    .....                   i - +1 pair of boots
Stlth   ++........              (no amulet)
HPRegen 0.21/turn               n - +6 ring of strength
MPRegen 0.15/turn               (no ring)

@: no status effects
A: breathe fire, AC +7, unfitting armour, fire resistance 1, cold-blooded
a: Breathe Fire, Renounce Religion, Potion Petition, Call Merchant, Bribe Branch


You were on level 7 of the Dungeon.
You worshipped Gozag.
Gozag was pleased with you.
You visited 1 branch of the dungeon, and saw 7 of its levels.
You also visited: Sewer.

You collected 587 gold pieces.
You paid 86 gold pieces to Gozag.

Inventory:

Hand Weapons
 d - a +0 dagger
 g - a +7 demon blade of freezing (weapon)
 h - a +3 dagger of freezing
 m - a +1 dagger of speed
Missiles
 e - 2 throwing nets
Armour
 i - a +1 pair of boots (worn)
Jewellery
 a - a ring of fire
 n - a +6 ring of strength (left hand)
 p - a +6 ring of dexterity
Scrolls
 o - 2 scrolls of blinking
 s - a scroll of enchant weapon
Potions
 b - 2 potions of heal wounds
 c - a potion of curing
 j - a potion of cancellation
 k - a potion of ambrosia
 l - 2 potions of might
 q - a potion of haste
 t - 2 potions of mutation


   Skills:
 + Level 3.6 Fighting
 + Level 3.2 Long Blades
 + Level 5.1 Dodging
 - Level 1.7 Stealth
 + Level 5.2 Spellcasting
 + Level 7.3 Conjurations
 - Level 3.0 Hexes
 + Level 3.9 Translocations


You had 8 spell levels left.
You knew the following spells:

 Your Spells              Type           Power      Damage    Failure   Level
a - Magic Dart            Conj           100%       1d8       1%          1
b - Searing Ray           Conj           76%        2d7       1%          2
c - Dazzling Flash        Conj/Hex       56%        N/A       3%          3
d - Iskenderun's Mystic   Conj/Tloc      30%        2d8       10%         4

Your spell library contained the following spells:

 Spells                   Type           Power      Damage    Failure   Level
 Stone Arrow              Conj/Erth      44%        3d9       6%          3
 Sandblast                Erth           10%        2d5       10%         1
 Sting                    Tmut/Pois      20%        1d4       10%         1
 Fulminant Prism          Conj/Hex       14%        3d9       12%         4
 Passwall                 Tmut/Erth      4%         N/A       16%         2
 Poisonous Vapours        Pois/Air       10%        N/A       16%         2
 Olgreb's Toxic Radiance  Pois           5%         N/A       69%         4
 Petrify                  Tmut/Erth      5%         N/A       69%         4
 Metabolic Englaciation   Hex/Ice        6%         N/A       83%         5
 Statue Form              Tmut/Erth      3%         N/A       100%        6


Dungeon Overview and Level Annotations

Branches:
Dungeon (7/15)              Sewer (visited)
 Temple: D:4-7

Altars:
Ashenzari
Cheibriados
Dithmenos
Gozag
Kikubaaqudgha
Qazlal
Yredelemnul

Shops:
D:6 [

Annotations:
D:3 1 runed translucent door, Crazy Yiuf
D:7 Harold, Pikel


Innate Abilities, Weirdness & Mutations

You can breathe blasts of fire.
Your fiery red scales are hard. (AC +7)
You cannot fit into any form of body armour.
Your flesh is heat resistant. (rF+)
You are cold-blooded and may be slowed by cold attacks.


Message History

Harold drinks a potion.
Harold flickers and vanishes!
Deactivating autopickup; reactivate with Ctrl-A.
You start resting.
Magic restored.
A scorpion comes into view.
Something hits you!
Aiming: Breathe Fire (4% risk of failure)
Press: ? - help, Shift-Dir - straight line You breathe a blast of fire.
The fiery breath hits something!
Something hits you!!
Unknown command.
Really walk into that cloud of flame?
Okay, then.
Casting: Magic Dart (safe; 1% risk of failure)
Confirm with . or Enter, or press ? or * to list all spells.
Aiming: Searing Ray (safe; 1% risk of failure)
Press: ? - help, Shift-Dir - straight line, f - scorpion
Aim: a scorpion (81% to hit)
The searing ray hits something.
The searing ray hits the scorpion.
The scorpion is moderately wounded. (Press . to maintain the ray.)
Something hits you!
The searing ray hits something.
The searing ray hits the scorpion.
The scorpion is moderately wounded.
Something completely misses you.
Unknown command.
The searing ray hits something.
The searing ray hits the scorpion!
The scorpion is severely wounded.
You have got your breath back.
Something hits you!
* * * LOW HITPOINT WARNING * * *
The searing ray hits something.
The searing ray hits the scorpion.
The scorpion is severely wounded.
You finish channelling your searing ray.
Something hits you!
* * * LOW HITPOINT WARNING * * *
Unknown command.
Something hits you!
You die...
Your body crumbles into a pile of gold.

...'..._...'...'..#
...............#..####
##.#.......#.###.....#
.#.........#.....##.#
#⌠.##'#..⌠#.....##.#
#...####.######.#
#...#....# #.#
#......### #.#
#####@## #.# .....s{.#
#.# ....##### #.# ..
#.# ########.#
#####........#
#.....#####..#
#####.......##
#########


You could see a scorpion.

Vanquished Creatures
  A troll (D:6)
  Menkaure (D:6)
  An ice beast (D:6)
  An orc warrior (D:7)
  3 ogres
  A centaur (D:6)
  A phantom (D:4)
  A lemure (D:6)
  3 bullfrogs
  4 necrophages
  2 scorpions (D:6)
  A gnoll sergeant (D:5)
  A human zombie (D:4)
  A hound (D:5)
  A jelly (D:4)
  A gnoll shaman (D:7)
  4 orc wizards
  2 scorpion zombies (D:4)
  3 iguanas
  A hound zombie (D:4)
  3 mummies (D:4)
  19 gnolls
  7 adders
  An adder zombie (D:4)
  A worm (D:4)
  A dart slug (D:4)
  16 orcs
  7 bats
  7 endoplasms
  21 giant cockroaches
  7 goblins
  13 hobgoblins
  4 jackals
  5 kobolds
  12 quokkas
  5 ball pythons
  4 frilled lizards
  A quokka zombie (D:4)
  4 rats
172 creatures vanquished.

Notes
Turn   | Place    | Note
-------+----------+-------------------------------------------
     0 | D:1      | pkoi the Draconian Conjurer began the quest for the Orb.
     0 | D:1      | Reached XP level 1. HP: 14/14 MP: 3/3
    54 | D:1      | Found a faded altar of an unknown god.
   457 | D:1      | Reached XP level 2. HP: 20/20 MP: 0/5
  1330 | D:2      | Learned a level 2 spell: Searing Ray
  1577 | D:2      | Reached XP level 3. HP: 24/26 MP: 1/6
  1603 | D:2      | Reached skill level 5 in Conjurations
  1924 | D:2      | Learned a level 3 spell: Dazzling Flash
  1985 | D:2      | You fall into a shaft and drop 2 floors!
  2576 | D:3      | Reached XP level 4. HP: 19/33 MP: 0/7
  3023 | D:3      | Reached skill level 1 in Hexes
  3636 | D:2      | Found a snail-covered altar of Cheibriados.
  3648 | D:2      | Reached XP level 5. HP: 38/38 MP: 7/9
  4039 | D:3      | Found a runed translucent door.
  4040 | D:3      | Noticed Crazy Yiuf
  4609 | D:3      | Found a basalt altar of Yredelemnul.
  5435 | D:4      | Reached XP level 6. HP: 45/45 MP: 3/10
  6121 | D:4      | Reached skill level 6 in Conjurations
  6256 | D:4      | Learned a level 4 spell: Iskenderun's Mystic Blast
  6270 | D:4      | Your scales start taking on a fiery red colour.
  6270 | D:4      | Reached XP level 7. HP: 50/50 MP: 3/12
  6270 | D:4      | Gained mutation: Your flesh is heat resistant. (rF+) [Red
                  | Draconian growth]
  6663 | D:4      | Reached skill level 1 in Translocations
  6698 | D:4      | Found an ancient bone altar of Kikubaaqudgha.
  7001 | D:5      | Entered Level 5 of the Dungeon
  7084 | D:5      | Identified a scroll of acquirement
  7084 | D:5      | Acquired a +7 demon blade of freezing
  7344 | D:5      | Found a glowing drain.
  7359 | Sewer    | Entered a sewer
  7890 | Sewer    | Reached skill level 1 in Long Blades
  8164 | Sewer    | Reached skill level 1 in Fighting
  8164 | Sewer    | Reached XP level 8. HP: 59/59 MP: 8/14
  8653 | D:5      | Found an opulent altar of Gozag.
  8777 | D:5      | Became a worshipper of Gozag Ym Sagoz the Greedy
  8806 | D:6      | Noticed Menkaure
  8812 | D:6      | Killed Menkaure
  9372 | D:6      | Found Xipriutu's Antique Armour Shop.
  9376 | D:6      | Found a shadowy altar of Dithmenos.
  9393 | D:6      | Reached skill level 7 in Conjurations
  9405 | D:6      | Reached skill level 5 in Spellcasting
  9595 | D:6      | Found a stormy altar of Qazlal.
  9736 | D:6      | Noticed a troll
  9740 | D:6      | Killed a troll
  9741 | D:6      | Reached skill level 5 in Dodging
  9741 | D:6      | Reached XP level 9. HP: 40/70 MP: 12/16
 10260 | D:7      | Noticed Pikel
 10671 | D:7      | Found a broken altar of Ashenzari.
 10972 | D:7      | Noticed Harold
 10984 | D:7      | HP: 2/70 [something (14)]
 10985 | D:7      | Mangled by Harold

Illustrated notes

Levels and vault maps discovered:
D:1:      tarquinn_simple_flora_water_b, layout_loops_ring,
          ebering_ecumenical_altar_rust
D:2:      cheibrodos_greedy_goblins, layout_basic, basic_altar
D:3:      layout_loops_ring, lemuel_coloured_pillars_altar,
          uniq_crazy_yiuf_cottage
D:4:      layout_loops_ring, lemuel_mausoleum_altar_kikubaaqudgha,
          kennysheep_boxes
D:5:      layout_loops_ring, mainiacjoe_overflow_brackets, gup_sewer_entry_pipe
D:6:      layout_gridville, nicolae_qazlal_scattered_showers,
          nicolae_dithmenos_through_a_glass_darkly, serial_shops, shop,
          supply_closet_lemuel, uniq_menkaure
D:7:      layout_basic, trog_three_pillars_becter, lemuel_blue_sif_altar,
          evilmike_ruin_ashenzari, minmay_temple_entry_glass,
          serial_co_window_serial, co_window_paths_a, co_window_paths_b,
          co_window_of_opportunity_a, co_window_paths_a, co_window_paths_b,
          co_window_paths_b, co_window_paths_a, co_window_unsneaky_path_d,
          co_window_2corner, co_window_2corner, co_window_corner_cb,
          co_window_corner_ca, glass_columns_b, glass_columns_b,
          glass_columns_a, serial_shops, shop, uniq_harold, uniq_pikel

Skill      XL: |  1  2  3  4  5  6  7  8 |
---------------+-------------------------+-----
Conjurations   | 5 6 7 |  7.3
Dodging        | 2 3 4 5 |  5.1
Hexes          | 1 2 3 |  3.0
Spellcasting   | 3 4 5 |  5.2
Translocations | 2 3 |  3.9
Long Blades    | 1 3 |  3.2
Fighting       | 1 3 |  3.6
Stealth        | |  1.7

Action                   |  1- 3 |  4- 6 |  7- 9 || total
-------------------------+-------+-------+-------++-------
Melee: Unarmed           |     8 |       |       ||     8
       Dagger            |    44 |    31 |    44 ||   119
       Tailslap          |     7 |     3 |    12 ||    22
       Demon blade       |       |       |    76 ||    76
       Punch             |       |       |     3 ||     3
 Cast: Magic Dart        |    69 |    57 |    71 ||   197
       Searing Ray       |     3 |    14 |    19 ||    36
 Abil: Breathe Fire      |       |       |    10 ||    10
  Use: Potion            |     3 |       |       ||     3
       Scroll            |     4 |     9 |     7 ||    20
 Stab: Distracted        |       |       |     1 ||     1
Armor: Skin              |    44 |     9 |    38 ||    91
Dodge: Dodged            |    70 |    42 |    89 ||   201

Table legend: (Time is in decaauts)
 A = Elapsed time spent in this place.
 B = Non-inter-level travel time spent in this place.
 C = Inter-level travel time spent in this place.
 D = Time resting spent in this place.
 E = Time spent auto-exploring this place.
 F = Levels seen in this place.
 G = Mean time per level.
                   A        B        C        D        E       F      G
               +--------+--------+--------+--------+--------+-----+--------+
         Total |  11047 |  10848 |    199 |   4840 |   4523 |   8 | 1380.9 |
       Dungeon |   9918 |   9719 |    199 |   4344 |   3992 |   7 | 1416.9 |
         Sewer |   1129 |   1129 |      0 |    496 |    530 |   1 | 1129.0 |
               +--------+--------+--------+--------+--------+-----+--------+

Top non-repeatable levels by time:
     D:3: 2171 daAuts
     D:4: 2068 daAuts
     D:2: 1515 daAuts
     D:6: 1258 daAuts
     D:1: 1200 daAuts
   Sewer: 1129 daAuts
     D:5: 1011 daAuts
     D:7: 691 daAuts
